 Dungeon Crawl Stone Soup version 0.29.1-2-gbd0b4ee654 (webtiles) character file.

Game seed: 1325080508842907064

8 xian the Trooper (level 2, 0/24 HPs)
             Began as a Demonspawn Abyssal Knight on Nov 13, 2022.
             Was a Believer of Lugonu.
             Frozen to death by an endoplasm (4 damage)
             ... on level 1 of the Dungeon.
             The game lasted 00:00:37 (310 turns).

xian the Trooper (Demonspawn Abyssal Knight)         Turns: 310, Time: 00:00:39

Health: 0/24       AC:  4    Str: 13    XL:     2   Next: 0%
Magic:  3/3        EV: 11    Int: 11    God:    Lugonu [**....]
Gold:   8          SH:  0    Dex: 13    Spells: 1/1 levels left

rFire   . . .      SeeInvis .   a - +1 short sword
rCold   . . .      Faith    .   (no shield)
rNeg    . . .      Spirit   .   b - +0 leather armour
rPois   .          Reflect  .   d - +1 hat
rElec   .          Harm     .   (no cloak)
rCorr   .          Rampage  .   (no gloves)
Will    .....                   (no boots)
Stlth   +.........              (no amulet)
HPRegen 0.08/turn               (no ring)
MPRegen 0.08/turn               (no ring)

@: no status effects
A: demonic guardian 1
a: Renounce Religion, Depart the Abyss, Bend Space


You were on level 1 of the Dungeon.
You worshipped Lugonu.
Lugonu was pleased with you.
You visited 1 branch of the dungeon, and saw 1 of its levels.
You visited the Abyss 1 time.

You collected 8 gold pieces.

Inventory:

Hand Weapons
 a - a +1 short sword (weapon)
Armour
 b - a +0 leather armour (worn)
 d - a +1 hat (worn)
Scrolls
 c - 3 scrolls of teleportation {unknown}
Potions
 e - a potion of might {unknown}


   Skills:
 + Level 3.3 Fighting
 + Level 2.0 Short Blades
 + Level 1.8 Armour
 + Level 0.9 Dodging
 + Level 2.4 Invocations


You had one spell level left.
You didn't know any spells.
Your spell library was empty.

Dungeon Overview and Level Annotations

Branches:
Dungeon (1/15)

Altars:


Innate Abilities, Weirdness & Mutations

A weak demonic guardian rushes to your aid.


Message History

A gnoll comes into view. It is wielding a +0 spear.
Found a helmet and 3 cyan potions.
The gnoll shouts!
The gnoll moves out of view.
An endoplasm and a goblin come into view.
The goblin shouts!
There are monsters nearby!
The endoplasm quivers.
An endoplasm comes into view.
Found a ring mail.
The endoplasm quivers.
The goblin hits you with a +0 club.
You hit the goblin.
The goblin is heavily wounded.
The goblin closely misses you.
You hit the goblin.
You kill the goblin!
Lugonu accepts your kill.
You hit the endoplasm.
The endoplasm is heavily wounded.
The gnoll hits you from afar with a +0 spear.
The endoplasm hits you.
You hit the endoplasm but do no damage.
The endoplasm is heavily wounded.
The gnoll barely misses you. The endoplasm hits you.
You hit the endoplasm.
You kill the endoplasm!
Lugonu accepts your kill.
You can now bend space around yourself.
The gnoll hits you from afar with a +0 spear.
You have reached level 2!
Your demonic ancestry asserts itself...
You feel the presence of a demonic guardian.
You hit the endoplasm.
The endoplasm is lightly wounded.
The gnoll hits you from afar with a +0 spear.
* * * LOW HITPOINT WARNING * * *
A demonic guardian appears!
The endoplasm freezes you.
You are frozen.
You die...

. .. ... .... .
####.!...
....######........
..[...)@Jg.#
###..5..#.##
......###..##
.[.### ##..## ..
##..# #
#.########.# #.#
#..........# #.#
.##..........# #.#
............#####.#
.#


You could see a gnoll, an endoplasm (ally target) and a friendly white imp
(summoned).

Vanquished Creatures
  A dart slug (D:1)
  An endoplasm (D:1)
  A giant cockroach (D:1)
  A goblin (D:1)
  A hobgoblin (D:1)
5 creatures vanquished.

Notes
Turn   | Place    | Note
-------+----------+-------------------------------------------
     0 | Abyss:1  | xian the Demonspawn Abyssal Knight began the quest for the
                  | Orb.
     0 | Abyss:1  | Reached XP level 1. HP: 18/18 MP: 2/2
     4 | Abyss:1  | Found a corrupted altar of Lugonu.
    64 | Abyss:1  | Noticed a small abomination
    81 | D:1      | Escaped the Abyss
   309 | D:1      | Reached ** piety under Lugonu
   310 | D:1      | Gained mutation: A weak demonic guardian rushes to your
                  | aid. [demonic ancestry]
   310 | D:1      | Reached XP level 2. HP: 10/24 MP: 3/3
   310 | D:1      | Frozen to death by an endoplasm

Illustrated notes

Levels and vault maps discovered:
D:1:      wander_arrival_desolate, layout_rooms, minmay_tromino_v2

Skill      XL: |  1 |
---------------+----+-----
Short Blades   | 2 |  2.0
Fighting       | |  3.3
Armour         | |  1.8
Dodging        | |  0.9
Invocations    | |  2.4

Action                   || total
-------------------------++-------
Melee: Short sword       ||    28
Invok: Depart the Abyss  ||     1
Armor: Leather armour    ||     8
Dodge: Dodged            ||    15
